AoeStats
← BDD || J

Arabia

509007501Analyzed
1v1 RM · 7d ago on Sep 25, 2026· 17m 59s· 2 players
Game mode
Random Map
Map size
Tiny (2 player)
Population
200
Speed
Normal
Resources
Standard
Victory
Conquest
Starting age
Dark Age
Ending age
Imperial Age
RankedLock teamsTeams togetherTeam positionsShared explorationLock speedFull tech treeHidden civsTurbo modeCheats
Victory
Defeat
🇩🇪 Danes · Germany
1314
+14
🇨🇳 Magyars · China
1272
-14
红茶丶
5:59 Loom
9:23 Feudal Age
9:56 Double-Bit Axe
9:53 Horse Collar
BDD || J
7:15 Loom
9:27 Feudal Age
9:34 Man-at-Arms
9:59 Double-Bit Axe
14:19 Horse Collar
Connection lost

Rejoining the realm…

Still unreachable

The connection could not be restored.

Session expired

The server has moved on; the page needs a fresh start.